 Dungeon Crawl Stone Soup version 0.25.1-2-g60ff931df9 (webtiles) character file.

Game seed: 11648797852988389242

381 Morbidden the Insei (level 6, -1/40 HPs)
             Began as an Octopode Transmuter on Aug 8, 2020.
             Killed from afar by an orc wizard (9 damage)
             ... with a magic dart
             ... on level 5 of the Dungeon.
             The game lasted 00:06:35 (5087 turns).

Morbidden the Insei (Octopode Transmuter)           Turns: 5087, Time: 00:06:36

Health: -1/40      AC:  2    Str:  9    XL:     6   Next: 75%
Magic:  11/11      EV: 21    Int: 18    God:
Gold:   194        SH:  0    Dex: 17    Spells: 5/11 levels left

rFire    . . .     SeeInvis .     - Unarmed
rCold    . . .     Gourm    .   (shield currently unavailable)
rNeg     . . .     Faith    .   (helmet currently unavailable)
rPois    x         Spirit   .   (no amulet)
rElec    .         Reflect  .   m - +4 ring of slaying
rCorr    .         Harm     .   (no ring)
MR       .....                  (no ring)
Stlth    ++........             (no ring)
HPRegen  0.13/turn              (no ring)
MPRegen  0.12/turn              (no ring)
                                (no ring)
                                (no ring)

@: lethally poisoned (-1 -> -15), spider-form (expiring), flying, very slightly
contaminated, slowed, very slow
A: tiny, almost no armour, stealthy swim, (amphibious), 8 rings, (constrict 8)
a: End Transformation


You were on level 5 of the Dungeon.
You were near starving.
You were a venomous arachnid creature.
You visited 1 branch of the dungeon, and saw 5 of its levels.

You collected 194 gold pieces.

Inventory:

Missiles
 a - 4 arrows
 l - 6 javelins
 t - 2 boomerangs (quivered)
Jewellery
 m - a +4 ring of slaying (left front leg)
Wands
 n - a wand of disintegration (27)
Scrolls
 e - a scroll of fear {unknown}
 g - 2 scrolls of enchant weapon
 h - a scroll of teleportation
 i - a scroll of remove curse
 j - 4 scrolls of identify
 q - a scroll of fog {unknown}
 r - a scroll of enchant armour {unknown}
 u - a scroll of immolation {unknown}
Potions
 d - 2 potions of flight
 k - a potion of curing {unknown}
 o - a potion of cancellation {unknown}
 p - a potion of stabbing {unknown}
 s - a potion of brilliance {unknown}
Comestibles
 c - 9 rations


   Skills:
 * Level 2.3 Fighting
 + Level 0.4 Throwing
 * Level 2.9 Dodging
 + Level 2.1 Stealth
 + Level 4.2 Unarmed Combat
 * Level 3.4 Spellcasting
 * Level 3.2 Transmutations
 * Level 2.0 Poison Magic


You had 5 spell levels left.
You knew the following spells:

 Your Spells              Type           Power        Failure   Level  Hunger
a - Beastly Appendage     Tmut           ##....       13%         1    None
b - Sticks to Snakes      Tmut           ##......     17%         2    ##.....
c - Spider Form           Tmut/Pois      ##........   34%         3    ###....

Your spell library contained the following spells:

 Spells                   Type           Power        Failure   Level  Hunger
 Ice Form                 Ice/Tmut       #.......     82%         4    ####...
 Blade Hands              Tmut           ##........   89%         5    ######.


Dungeon Overview and Level Annotations

Branches:
Dungeon (5/15)
 Temple: D:4-7

Altars:

Annotations:
D:3 3 runed translucent doors, stil's ghost, amateur DsWr


Innate Abilities, Weirdness & Mutations

You cannot wear most types of armour.
You are very stealthy in the water. (Stealth+)
((You are amphibious.))
You can wear up to eight rings at the same time.
((You can use your tentacles to constrict eight enemies at once.))
((Your skin changes colour to match your surroundings (Stealth+).))
((Your rubbery body absorbs attacks. (AC +1, EV +1)))


Message History

You hit the orc wizard.
The orc wizard looks as sick as possible!
The orc wizard is moderately wounded.
The orc wizard points at you and mumbles some strange words.
You feel yourself slow down.
The orc wizard hits you with a +0 dagger of venom.
You are lethally poisoned!
The orc wizard points at you and mumbles some strange words.
The magic dart hits you.
* * * LOW HITPOINT WARNING * * *
Unknown command.
Unknown command.
Unknown command.
You bite the orc wizard!
You kill the orc wizard!
* * * LOW HITPOINT WARNING * * *
You feel sick. The orc wizard misses you.
The orc wizard gestures at you while chanting.
The magic dart hits you!
You die...

.....##...#
#.........
.....##...#
##........
.....##...#
#..######
..#####...#
##..## ..#
#....# # ..#
#....#.#.#. ..#
#.......... ..#
#..)#...... ..#
#..s#......
.......)o).....
...?....##...#.
........# ....
......### .#.
...... ..
...... . ......


You could see an orc wizard (fast, extremely poisoned).

Vanquished Creatures
  2 orc priests (D:5)
  Terence (D:2)
  Ijyb (D:3)
  2 orc wizards (D:5)
  A worker ant (D:4)
  2 gnolls (D:3)
  5 adders
  A shadow imp (D:5)
  An ooze (D:3)
  2 adder skeletons (D:4)
  3 worms
  3 dart slugs
  4 leopard geckos
  3 orcs
  7 bats
  5 giant cockroaches
  12 goblins
  8 hobgoblins
  6 jackals
  A quokka (D:3)
  7 frilled lizards
  10 kobolds
  2 quokka skeletons (D:4)
  5 rats
94 creatures vanquished.

Vanquished Creatures (collateral kills)
  2 gnolls (D:3)
  A worm (D:2)
3 creatures vanquished.

Grand Total: 97 creatures vanquished

Notes
Turn   | Place    | Note
-------+----------+-------------------------------------------
     0 | D:1      | Morbidden the Octopode Transmuter began the quest for the
                  | Orb.
     0 | D:1      | Reached XP level 1. HP: 13/13 MP: 3/3
   158 | D:1      | Reached XP level 2. HP: 14/18 MP: 5/5
   458 | D:1      | Reached XP level 3. HP: 14/23 MP: 6/6
   807 | D:1      | Reached skill level 1 in Stealth
  1164 | D:2      | Learned a level 2 spell: Sticks to Snakes
  1168 | D:2      | Learned a level 3 spell: Spider Form
  1315 | D:2      | Reached XP level 4. HP: 28/28 MP: 7/7
  2071 | D:2      | Reached skill level 1 in Poison Magic
  2210 | D:2      | Noticed Terence
  2228 | D:2      | Killed Terence
  2228 | D:2      | Reached XP level 5. HP: 21/34 MP: 6/9
  2415 | D:3      | Found a runed translucent gate.
  2416 | D:3      | Found a runed translucent gate.
  2416 | D:3      | Noticed stil's ghost (amateur DsWr)
  2417 | D:3      | Found a runed translucent gate.
  2417 | D:3      | Identified the +6 dagger of Hiarphom {chaos, rN+ Str+4}
  2417 | D:3      | Noticed a big kobold
  3032 | D:3      | You fall into a shaft and drop 1 floor!
  3129 | D:3      | Noticed Ijyb
  3144 | D:3      | Killed Ijyb
  4298 | D:4      | Reached XP level 6. HP: 37/39 MP: 10/10
  4613 | D:4      | Reached skill level 4 in Unarmed Combat
  4855 | D:5      | Entered Level 5 of the Dungeon
  5087 | D:5      | Killed from afar by an orc wizard

Illustrated notes

Levels and vault maps discovered:
D:1:      eino_arrival_cavern_c, layout_loops_ring
D:2:      minmay_alternating_diamond, layout_basic, first_ration, minmay_cupped,
          uniq_terence
D:3:      layout_basic, gammafunk_ghost_nasty_kobolds, uniq_ijyb
D:4:      layout_gridville, st_stairs_14
D:5:      layout_basic, minmay_temple_entry_proselytizer, basic_altar

Skill      XL: |  1  2  3  4  5  6 |
---------------+-------------------+-----
Stealth        | 1 2 |  2.1
Poison Magic   | 1 2 |  2.0
Spellcasting   | 3 |  3.4
Fighting       | 2 |  2.3
Transmutations | 3 |  3.2
Unarmed Combat | 4 |  4.2
Throwing       | |  0.4
Dodging        | |  2.9

Action                   |  1- 3 |  4- 6 || total
-------------------------+-------+-------++-------
Melee: Unarmed           |    76 |   145 ||   221
       Constrict         |    23 |    33 ||    56
       Tentacles         |    15 |    18 ||    33
       Kick              |    10 |    14 ||    24
       Punch             |     1 |       ||     1
Throw: Javelin           |       |    10 ||    10
       Boomerang         |       |     9 ||     9
 Cast: Beastly Appendage |    13 |    19 ||    32
       Sticks to Snakes  |       |     8 ||     8
       Spider Form       |       |     2 ||     2
  Use: Scroll            |       |     5 ||     5
       Potion            |       |     3 ||     3
 Stab: Sleeping          |     6 |     6 ||    12
       Distracted        |       |     2 ||     2
  Eat: Chunk             |     1 |    11 ||    12
Armor: Skin              |    11 |    16 ||    27
Dodge: Dodged            |    45 |   112 ||   157
